 Dungeon Crawl Stone Soup version 0.28.0 (webtiles) character file.

Game seed: 9572569342148798084

91 H0rd4k the Magician (level 4, -2/36 HPs)
             Began as a Deep Elf Hedge Wizard on Feb 15, 2022.
             Slain by Jessica (6 damage)
             ... on level 3 of the Dungeon.
             The game lasted 00:03:38 (3304 turns).

H0rd4k the Magician (Deep Elf Hedge Wizard)         Turns: 3304, Time: 00:03:38

Health: -2/36      AC: 22    Str:  7    XL:     4   Next: 34%
Magic:  6/14       EV:  2    Int: 21    God:
Gold:   136        SH:  0    Dex: 14    Spells: 9/15 levels left

rFire   . . .      SeeInvis .   h - +0 dagger (venom)
rCold   + . .      Faith    .   (no shield)
rNeg    . . .      Spirit   .   (armour currently unavailable)
rPois   +          Reflect  .   (helmet currently unavailable)
rElec   .          Harm     .   (cloak currently unavailable)
rCorr   .          Rampage  .   (gloves currently unavailable)
Will    .....      NoTele   +   (boots currently unavailable)
Stlth   ++........              (no amulet)
HPRegen 0.12/turn               e - ring of protection from cold
MPRegen 0.14/turn               k - ring of poison resistance

@: tree-form, on blink cooldown
A: stationary, stasis, torment immunity, boosted hp
a: no special abilities


You were on level 3 of the Dungeon.
You were a tree.
You visited 1 branch of the dungeon, and saw 3 of its levels.

You collected 136 gold pieces.

Inventory:

Hand Weapons
 h - a +0 dagger of venom (weapon)
Armour
 b - a +0 robe (melded)
 c - a +0 hat (melded)
Jewellery
 a - a ring of protection from fire
 e - a ring of protection from cold (left branch)
 k - a ring of poison resistance (right branch)
 p - a ring of willpower
Scrolls
 d - a scroll of torment {unknown}
 g - a scroll of magic mapping {unknown}
 m - a scroll of holy word {unknown}
Potions
 f - a potion of degeneration {unknown}
 i - a potion of might {unknown}
 j - a potion of cancellation {unknown}
 l - 2 potions of lignification
 n - a potion of berserk rage {unknown}
 o - a potion of heal wounds {unknown}


   Skills:
 + Level 2.8 Dodging
 - Level 2.4 Stealth
 + Level 6.1 Spellcasting
 + Level 2.2 Conjurations
 * Level 1.1 Summonings
 * Level 1.6 Translocations
 * Level 0.2 Fire Magic


You had 9 spell levels left.
You knew the following spells:

 Your Spells              Type           Power      Damage    Failure   Level
a - Magic Dart            Conj           64%        1d6       3%          1
b - Blink                 Tloc           26%        N/A       8%          2
c - Conjure Flame         Conj/Fire      11%        6-21      17%         3

Your spell library contained the following spells:

 Spells                   Type           Power      Damage    Failure   Level
 Call Imp                 Summ           11%        N/A       9%          2
 Slow                     Hex            24%        N/A       10%         1
 Mephitic Cloud           Conj/Pois/Air  9%         N/A       22%         3
 Conjure Ball Lightning   Conj/Air       5%         3x3d6     100%        6
 Discord                  Hex            3%         N/A       100%        8
 Disjunction              Tloc           6%         N/A       100%        8


Dungeon Overview and Level Annotations

Branches:
Dungeon (3/15)

Altars:
Vehumet

Annotations:
D:3 1 runed translucent door, Jessica, Sigmund


Message History

Jessica casts a spell.
The magic dart hits Jessica.
Jessica is heavily wounded.
Jessica hits you with a +0 club.
The magic dart hits Jessica but does no damage.
Jessica is heavily wounded.
Jessica gestures wildly while chanting.
The magic dart hits Jessica but does no damage.
Jessica is heavily wounded.
Jessica hits you with a +0 club. x2
The magic dart hits Jessica but does no damage.
Jessica is heavily wounded.
Jessica hits you with a +0 club.
You are too injured to fight recklessly!
You are too injured to fight recklessly!
Casting: Magic Dart (safe; 3% risk of failure)
Confirm with . or Enter, or press ? or * to list all spells.
Aiming: Magic Dart (safe; 3% risk of failure)
Press: ? - help, Shift-Dir - straight line, f/p - Jessica
Aim: Jessica, wielding a +0 club and wearing a +2 robe of positive energy (heavily wounded, fast, 100% to hit)
The magic dart hits Jessica.
Jessica is severely wounded.
Jessica gestures at you while chanting. Pain shoots through your body!
* * * LOW HITPOINT WARNING * * *
Jessica barely misses you.
Casting: Magic Dart (safe; 3% risk of failure)
Confirm with . or Enter, or press ? or * to list all spells.
You don't know that spell.
Casting: Magic Dart (safe; 3% risk of failure)
Confirm with . or Enter, or press ? or * to list all spells.
You blink.
Unknown command.
It was a potion of lignification.
You turn into a tree.
Your +0 hat melds into your body.
Your +0 robe melds into your body.
Your roots penetrate the ground.
You hit Jessica but do no damage.
Jessica is poisoned.
Jessica is severely wounded.
Jessica hits you with a +0 club.
You die...

#......# .. #......#
#+ #......# .♣ ##
#......# ♣. .#
#......# ♣.♣♣
.#####..#### ♣♣.♣
.......## ♣♣.♣♣
.####### ♣♣@..♣
.####### ♣.♣..♣
.......# #....#
....<..# ##..##
#......# ##...#
.......# #...##
#......# ##.###
.....<.######..##
................####
#..................##


You could see Jessica (fast, very poisoned).

Vanquished Creatures
  3 adders
  3 dart slugs
  An orc (D:3)
  4 ball pythons
  3 bats
  4 endoplasms
  7 giant cockroaches
  2 hobgoblins
  5 jackals
  3 frilled lizards
  5 goblins
  7 kobolds (D:1)
  5 rats
52 creatures vanquished.

Notes
Turn   | Place    | Note
-------+----------+-------------------------------------------
     0 | D:1      | H0rd4k the Deep Elf Hedge Wizard began the quest for the
                  | Orb.
     0 | D:1      | Reached XP level 1. HP: 10/10 MP: 7/7
   302 | D:1      | Reached skill level 5 in Spellcasting
   302 | D:1      | Reached XP level 2. HP: 15/15 MP: 2/10
   868 | D:2      | Reached XP level 3. HP: 4/19 MP: 6/12
  1752 | D:1      | Found a faded altar of an unknown god.
  1793 | D:1      | Learned a level 2 spell: Blink
  1797 | D:1      | Learned a level 3 spell: Conjure Flame
  2096 | D:2      | Reached skill level 6 in Spellcasting
  2687 | D:2      | Reached XP level 4. HP: 24/24 MP: 8/14
  3061 | D:3      | Found a radiant altar of Vehumet.
  3225 | D:3      | Noticed Sigmund
  3294 | D:3      | Found a runed translucent door.
  3294 | D:3      | Noticed Jessica
  3304 | D:3      | Slain by Jessica

Illustrated notes

Levels and vault maps discovered:
D:1:      eino_arrival_cavern_d, layout_basic,
          hellmonk_ecumenical_altar_heavens_door
D:2:      layout_loops_ring
D:3:      layout_rooms, nicolae_vehumet_altar_sigil, uniq_crazy_yiuf_cottage,
          uniq_jessica, uniq_sigmund

Skill      XL: |  1  2  3  4 |
---------------+-------------+-----
Spellcasting   | 5 6 |  6.1
Conjurations   | 2 |  2.2
Dodging        | |  2.8
Stealth        | |  2.4
Summonings     | |  1.1
Translocations | |  1.6
Fire Magic     | |  0.2

Action                   |  1- 3 |  4- 6 || total
-------------------------+-------+-------++-------
Melee: Dagger            |     1 |     1 ||     2
 Cast: Magic Dart        |   102 |    40 ||   142
       Blink             |     1 |     1 ||     2
  Use: Potion            |       |     1 ||     1
Armor: Robe              |     3 |       ||     3
Dodge: Dodged            |    14 |     2 ||    16
